 Dungeon Crawl Stone Soup version 0.25.1-4-g9407a263a5 (webtiles) character file.

Game seed: 5943134264967601380

25 Clowwww the Ducker (level 2, 0/22 HPs)
             Began as a Demonspawn Gladiator on Nov 27, 2020.
             Slain by Natasha (7 damage)
             ... on level 2 of the Dungeon.
             The game lasted 00:01:23 (779 turns).

Clowwww the Ducker (Demonspawn Gladiator)            Turns: 779, Time: 00:01:26

Health: 0/22       AC:  4    Str: 14    XL:     2   Next: 86%
Magic:  2/2        EV: 13    Int:  9    God:
Gold:   51         SH:  0    Dex: 14    Spells: 1/1 levels left

rFire    . . .     SeeInvis .   a - +0 war axe
rCold    . . .     Gourm    .   (no shield)
rNeg     . . .     Faith    .   b - +0 leather armour
rPois    .         Spirit   .   c - +0 helmet
rElec    .         Reflect  .   (no cloak)
rCorr    .         Harm     .   (no gloves)
MR       .....                  (no boots)
Stlth    +.........             (no amulet)
HPRegen  0.07/turn              (no ring)
MPRegen  0.08/turn              (no ring)

@: no status effects
A: demonic guardian 1
a: no special abilities


You were on level 2 of the Dungeon.
You were not hungry.

You visited 1 branch of the dungeon, and saw 2 of its levels.

You collected 51 gold pieces.

Inventory:

Hand Weapons
 a - a +0 war axe (weapon)
Missiles
 d - 3 throwing nets (quivered)
Armour
 b - a +0 leather armour (worn)
 c - a +0 helmet (worn)
Scrolls
 e - a scroll of magic mapping {unknown}
 h - a scroll of amnesia {unknown}
 j - a scroll of noise {unknown}
 k - 2 scrolls of remove curse {unknown}
 l - a scroll of enchant armour {unknown}
Potions
 i - a potion of heal wounds {unknown}
 m - a potion of brilliance {unknown}
Comestibles
 f - a ration
 g - 2 chunks of flesh


   Skills:
 + Level 2.2 Fighting
 + Level 3.1 Axes
 + Level 1.9 Throwing
 + Level 0.2 Armour
 + Level 3.1 Dodging


You had one spell level left.
You didn't know any spells.
Your spell library was empty.

Dungeon Overview and Level Annotations

Branches:
Dungeon (2/15)

Altars:

Annotations:
D:2 Natasha


Innate Abilities, Weirdness & Mutations

A weak demonic guardian rushes to your aid.


Message History

Your ufetubus closely misses Natasha.
Your ufetubus hits Natasha. You barely miss Natasha.
Natasha is lightly wounded.
Natasha claws you.
Your ufetubus barely misses Natasha. x2
Natasha closely misses you.
Your ufetubus hits Natasha. Your ufetubus misses Natasha.
Some of the chunks of flesh in your inventory have rotted away.
You closely miss Natasha.
Natasha is lightly wounded.
Your ufetubus closely misses Natasha.
Your ufetubus hits Natasha. Natasha casts a spell at you.
The magic dart hits you!
Your ufetubus barely misses Natasha. x2
You closely miss Natasha.
Natasha is moderately wounded.
Natasha closely misses you.
Your ufetubus barely misses Natasha.
Your ufetubus hits Natasha.
Natasha mumbles some strange words.
Natasha shimmers violently.
Natasha claws you!
You die...

######## #........
.......# #........
....(..####........
............#######
###........############
#........##..........
#........''...5......
#........##..........
#...<....##..@)......
#........##..5h......
#........##..........
#....<...##.......###
#...>....########.#
#######+#.. ... (## ...
# ##


You could see Natasha, a friendly white imp (summoned) and a friendly ufetubus
(summoned).

Vanquished Creatures
  2 leopard geckos (D:1)
  A ball python (D:1)
  A giant cockroach (D:2)
  5 goblins
  3 hobgoblins (D:1)
  A kobold (D:1)
  3 bats (D:1)
  4 frilled lizards (D:1)
  2 rats (D:1)
22 creatures vanquished.

Notes
Turn   | Place    | Note
-------+----------+-------------------------------------------
     0 | D:1      | Clowwww the Demonspawn Gladiator began the quest for the
                  | Orb.
     0 | D:1      | Reached XP level 1. HP: 16/16 MP: 1/1
   276 | D:1      | Gained mutation: A weak demonic guardian rushes to your
                  | aid. [demonic ancestry]
   276 | D:1      | Reached XP level 2. HP: 22/22 MP: 2/2
   773 | D:2      | Noticed Natasha
   779 | D:2      | Slain by Natasha

Illustrated notes

Levels and vault maps discovered:
D:1:      minmay_arrival_loop, layout_rooms
D:2:      layout_basic, first_ration, uniq_natasha

Skill      XL: |  1  2 |
---------------+-------+-----
Axes           | 3 |  3.1
Dodging        | 3 |  3.1
Fighting       | |  2.2
Throwing       | |  1.9
Armour         | |  0.2

Action                   || total
-------------------------++-------
Melee: War axe           ||    49
Armor: Leather armour    ||    13
Dodge: Dodged            ||    49
